 Dungeon Crawl Stone Soup version 0.31.0-32-g396128a36d (webtiles) character file.

Game seed: 2392533336218432099

454 Lungfish the Ruffian (level 6, -3/47 HPs)
             Began as a Draconian Shapeshifter on Mar 26, 2024.
             Slain by a gnoll
             ... wielding a +0 halberd
             ... led by a gnoll bouda
              (7 damage)
             ... on level 4 of the Dungeon.
             The game lasted 00:07:46 (3048 turns).

Lungfish the Ruffian (Draconian Shapeshifter)       Turns: 3048, Time: 00:07:46

Health: -3/47      AC:  6    Str: 18    XL:     6   Next: 76%
Magic:  6/6        EV: 12    Int: 11    God:
Gold:   110        SH:  0    Dex: 16    Spells: 5/5 levels left

rFire   . .          .
                       - Unarmed
rCold   . . .        (no shield)
rNeg    . . .        (body armour unavailable)
rPois   .            (helmet currently unavailable)
rElec   .            (cloak currently unavailable)
rCorr   .            (gloves currently unavailable)
SInv    .            (boots currently unavailable)
Will    .....        (no amulet)
Stlth   +            h - +6 ring of dexterity
HPRegen 0.27/turn    (no ring)
MPRegen 0.10/turn

%: no passive effects
@: beast-form, weakened
A: beast (slay +3), AC +6, unfitting armour, cold-blooded
a: Begin Untransformation


You were on level 4 of the Dungeon.
You were a hulking beast.
You visited 1 branch of the dungeon, and saw 4 of its levels.

You collected 110 gold pieces.

Inventory:

Missiles
 r - 2 boomerangs (quivered)
Armour
 i - a +1 cloak
Jewellery
 h - a +6 ring of dexterity (left hand)
 o - a ring of fire
Talismans
 b - a beast talisman
 c - a flux talisman
Wands
 q - a wand of light (15)
Scrolls
 e - 2 scrolls of noise {unknown}
 j - 2 scrolls of identify {unknown}
 m - 2 scrolls of fear {unknown}
 p - a scroll of teleportation {unknown}
Potions
 a - 2 potions of lignification
 d - a potion of heal wounds {unknown}
 f - a potion of resistance {unknown}
 g - a potion of might {unknown}
 k - a potion of ambrosia {unknown}
 l - 6 potions of curing {unknown}
 n - a potion of attraction {unknown}
 s - 2 potions of haste {unknown}


   Skills:
 - Level 1.2 Fighting
 - Level 1.8 Dodging
 + Level 5.8 Unarmed Combat
 + Level 5.4 Shapeshifting


You had 5 spell levels left.
You didn't know any spells.
Your spell library contained the following spells:

 Spells                   Type           Power      Damage    Failure   Level
 Apportation              Tloc           0%         N/A       34%         1
 Jinxbite                 Hex            0%         N/A       47%         2
 Call Canine Familiar     Summ           0%         N/A       71%         3
 Sigil of Binding         Hex            0%         N/A       71%         3
 Dimensional Bullseye     Hex/Tloc       0%         N/A       98%         4
 Alistair's Intoxication  Alch           0%         N/A       100%        5


Dungeon Overview and Level Annotations

Branches:
Dungeon (4/15)
 Temple: D:4-7

Altars:


Innate Abilities, Weirdness & Mutations

You are a hulking beast.
Your limbs bulge with bestial killing power. (Slay +3)
Your plain brown scales are hard. (AC +6)
You cannot fit into any form of body armour.
You are cold-blooded and may be slowed by cold attacks.


Message History

The gnolls pick up the pace!
The quokka bites you.
You hit the quokka. You tail-slap the quokka.
You kill the quokka!
You see here a quokka corpse.
The adder hisses angrily.
The adder closely misses you.
A goblin comes into view. It is wielding a +0 club.
The gnoll bouda barks out a call to the hunt!
The goblin moves out of view.
The goblin shouts!
The adder attacks as it pursues you! The adder misses you.
The gnoll bouda gazes fiercely through you!
You feel your attacks grow feeble. The adder misses you.
There is a stone staircase leading up here.
The adder bites you but does no damage. The goblin hits you with a +0 club.
The gnoll throws a throwing net.
The throwing net hits you.
You become entangled in the net!
You stop ascending the stairs.
You struggle against the net.
The adder barely misses you. The goblin hits you but does no damage.
The adder bites you but does no damage.
You tear a large gash into the net.
The gnoll is no longer moving quickly.
The gnoll hits you from afar with a +0 halberd!
The goblin hits you with a +0 club.
* * * LOW HITPOINT WARNING * * *
The adder bites you but does no damage.
You struggle against the net.
Your attacks no longer feel as feeble.
The gnoll shouts!
The gnoll is no longer moving quickly.
The gnoll hits you from afar with a +0 halberd.
* * * LOW HITPOINT WARNING * * *
The adder bites you but does no damage. The goblin hits you with a +0 club.
* * * LOW HITPOINT WARNING * * *
The gnoll bouda gazes fiercely through you!
You feel your attacks grow feeble.
The gnoll bouda hits you but does no damage.
You rip the net and break free!
The adder closely misses you.
The gnoll hits you from afar with a +0 halberd!
You die...

#g###.# #†##..#
###.#...# #####
##.....#.###....
###..#..g..##..######.
#.......#.r...........
#.......#...g.........
#.......#.##gg........
#............Sh.......
#.......##....g.......
#.....................
#.......#.#.....[.....
#...........####......
#........#### ......
#............ ....#.
#...######### ###.#
#....# #.


You could see a gnoll bouda, 3 gnolls, an adder, a quokka and a goblin.

Vanquished Creatures
  A bullfrog (D:4)
  A jelly (D:4)
  2 hounds
  Jessica (D:2)
  Ijyb (D:3)
  Terence (D:3)
  An orc wizard (D:3)
  Robin (D:3)
  8 adders
  A gnoll (D:4)
  4 dart slugs
  5 orcs
  9 endoplasms (D:1)
  3 giant cockroaches
  9 goblins
  9 hobgoblins
  6 jackals
  8 kobolds
  5 quokkas
  4 ball pythons
  5 bats
  2 frilled lizards
  3 rats
90 creatures vanquished.

Vanquished Creatures (others)
  An orc wizard (D:3)
1 creature vanquished.

Grand Total: 91 creatures vanquished

Notes
Turn   | Place    | Note
-------+----------+-------------------------------------------
     0 | D:1      | Lungfish the Draconian Shapeshifter began the quest for the
                  | Orb.
     0 | D:1      | Reached XP level 1. HP: 16/16 MP: 1/1
   221 | D:1      | Reached XP level 2. HP: 23/23 MP: 2/2
   464 | D:1      | Reached XP level 3. HP: 24/28 MP: 3/3
  1363 | D:2      | Reached XP level 4. HP: 35/35 MP: 4/4
  1377 | D:2      | Noticed Jessica
  1383 | D:2      | Killed Jessica
  1477 | D:2      | Reached XP level 5. HP: 37/40 MP: 5/5
  2147 | D:3      | Noticed Robin
  2159 | D:3      | Killed Robin
  2457 | D:3      | Noticed Terence
  2467 | D:3      | Killed Terence
  2468 | D:3      | Reached skill level 5 in Unarmed Combat
  2670 | D:3      | Noticed Ijyb
  2681 | D:3      | Killed Ijyb
  2682 | D:3      | Reached XP level 6. HP: 20/47 MP: 6/6
  2875 | D:4      | Reached skill level 5 in Shapeshifting
  3048 | D:4      | Slain by a gnoll

Illustrated notes

Levels and vault maps discovered:
D:1:      erik_arrival_cave_to_civilisation [erik_arrival_cave_to_hall],
          layout_basic, minmay_stone_trees_small
D:2:      layout_basic, uniq_jessica
D:3:      layout_rooms, corner_web_ring, uniq_terence, uniq_ijyb, uniq_robin
D:4:      layout_rooms

Skill      XL: |  1  2  3  4  5  6 |
---------------+-------------------+-----
Unarmed Combat | 4 5 |  5.8
Shapeshifting  | 4 5 |  5.4
Fighting       | |  1.2
Dodging        | |  1.8

Action                     |  1- 3 |  4- 6 || total
---------------------------+-------+-------++-------
  Melee: Unarmed           |    77 |   132 ||   209
         Tailslap          |    13 |    19 ||    32
         Punch             |       |     3 ||     3
   Stab: Sleeping          |     2 |     1 ||     3
 Armour: Skin              |    38 |    89 ||   127
  Dodge: Dodged            |    29 |    70 ||    99
